 Dungeon Crawl Stone Soup version 0.29-a0-321-gf1c400731a (webtiles) character file.

Game seed: 16095158667187013915

11 Flugslaktarn the Stinger (level 2, 0/19 HPs)
             Began as a Human Venom Mage on Apr 3, 2022.
             Slain by a bat (1 damage)
             ... on level 2 of the Dungeon.
             The game lasted 00:02:59 (300 turns).

Flugslaktarn the Stinger (Human Venom Mage)          Turns: 300, Time: 00:03:00

Health: 0/19       AC:  0    Str:  8    XL:     2   Next: 35%
Magic:  5/5        EV: 14    Int: 15    God:
Gold:   61         SH:  0    Dex: 13    Spells: 2/5 levels left

rFire   . . .      SeeInvis .   (weapon currently unavailable)
rCold   . . .      Faith    .   (shield currently unavailable)
rNeg    . . .      Spirit   .   (body armour currently unavailable)
rPois   .          Reflect  .   (helmet currently unavailable)
rElec   .          Harm     .   (cloak currently unavailable)
rCorr   .          Rampage  .   (gloves currently unavailable)
Will    .....                   (boots currently unavailable)
Stlth   ++........              (no amulet)
HPRegen 0.06/turn               (ring currently unavailable)
MPRegen 0.09/turn               (ring currently unavailable)

@: pig-form, very quick
A: fast, no casting, small
a: no special abilities


You were on level 2 of the Dungeon.
You were a filthy swine.
You visited 1 branch of the dungeon, and saw 2 of its levels.

You collected 61 gold pieces.

Inventory:

Hand Weapons
 d - a +0 whip
   (You found it on level 1 of the Dungeon)
 f - a +0 quarterstaff (melded)
   (You found it on level 1 of the Dungeon)
Armour
 a - a +0 robe (melded)
 e - a +1 ring mail
   (You found it on level 1 of the Dungeon)
Potions
 b - a potion of magic


   Skills:
 - Level 2.0 Dodging
 - Level 2.0 Stealth
 - Level 2.0 Spellcasting
 - Level 2.0 Transmutations
 + Level 0.4 Air Magic
 + Level 3.0 Poison Magic


You had 2 spell levels left.
You knew the following spells:

 Your Spells              Type           Power      Damage    Failure   Level
a - Sting                 Tmut/Pois      36%        1d4       8%          1
b - Poisonous Vapours     Pois/Air       12%        N/A       16%         2

Your spell library contained the following spells:

 Spells                   Type           Power      Damage    Failure   Level
 Mephitic Cloud           Conj/Pois/Air  5%         N/A       38%         3
 Olgreb's Toxic Radiance  Pois           10%        N/A       52%         4
 Animate Dead             Necr           0%         N/A       91%         4
 Haunt                    Necr/Summ      0%         N/A       100%        7
 Infestation              Necr           0%         N/A       100%        8


Dungeon Overview and Level Annotations

Branches:
Dungeon (2/15)

Altars:

Shops:
D:1 :

Annotations:
D:2 Jessica


Message History

Found a scroll labelled WIK QEASAQAS.
An endoplasm comes into view.
The endoplasm quivers.
Casting: Sting (safe; 8% risk of failure)
Confirm with . or Enter, or press ? or * to list all spells.
Aiming: Sting (safe; 8% risk of failure)
Press: ? - help, Shift-Dir - straight line, f - endoplasm
Aim: an endoplasm (97% to hit)
The sting hits the endoplasm.
The endoplasm partially resists.
The endoplasm is poisoned.
The endoplasm is moderately wounded.
Casting: Sting (safe; 8% risk of failure)
Confirm with . or Enter, or press ? or * to list all spells.
Aiming: Sting (safe; 8% risk of failure)
Press: ? - help, Shift-Dir - straight line, f/p - endoplasm
Aim: an endoplasm (moderately wounded, poisoned, 97% to hit)
The sting hits the endoplasm.
The endoplasm partially resists.
The endoplasm looks even sicker.
The endoplasm is heavily wounded.
The endoplasm freezes you.
You are frozen.
You barely miss the endoplasm.
The endoplasm is heavily wounded.
The endoplasm freezes you.
You are frozen.
You barely miss the endoplasm.
The endoplasm is severely wounded.
The endoplasm hits you but does no damage.
You hit the endoplasm.
You kill the endoplasm!
h - a scroll labelled WIK QEASAQAS Jessica the Apprentice Sorceress comes into view.
She is wielding a +3 spectral club and carrying a wand of polymorph (6).
Jessica shouts!
You hear an angry hiss.
Jessica casts a spell.
Jessica seems to speed up.
Unknown command.
Jessica gestures at you while chanting.
You barely resist.
A rat comes into view.
Jessica zaps a wand.
You turn into a filthy swine.
Your +0 quarterstaff melds into your body.
Your +0 robe melds into your body.
You can't do that in your present form.
Sorry, you're not good enough to have a special ability.
Unknown command.
A ball python and a bat come into view.
The ball python hisses angrily.
You hit Jessica.
Jessica is lightly wounded.
Jessica shouts, "You are a ghastly nuisance!"
Jessica hits you with a +3 spectral club.
You barely miss Jessica.
Jessica is lightly wounded.
The bat closely misses you.
Jessica mumbles some strange words.
Jessica blinks!
The bat hits you.
* * * LOW HITPOINT WARNING * * *
The rat bites you.
* * * LOW HITPOINT WARNING * * *
You can't do that in your present form.
Sorry, you're not good enough to have a special ability.
Unknown command.
Okay, then.
As you read the scroll labelled JEUNGOD MUUTS, it crumbles to dust.
It is a scroll of enchant armour.
Your +0 ring mail glows green for a moment.
The bat closely misses you. The rat misses you.
Unknown command.
As you read the scroll labelled OCVAEMUNARR, it crumbles to dust.
It is a scroll of amnesia.
Really abort (and waste the scroll)?
Okay, then.
The bat barely misses you. The rat barely misses you.
Okay, then.
As you read the scroll labelled WIK QEASAQAS, it crumbles to dust.
You assume a fearsome visage.
The ball python looks frightened!
Jessica looks frightened!
The bat looks frightened!
The rat looks frightened!
It was a scroll of fear.
Cornered, the bat turns to fight!
Jessica casts a spell.
Jessica blinks!
The bat barely misses you.
Unknown command.
Unknown command.
Unknown command.
The bat hits you.
* * * LOW HITPOINT WARNING * * *
You can't do that in your present form.
Sorry, you're not good enough to have a special ability.
Unknown command.
Unknown command.
You closely miss the bat. The bat closely misses you.
Unknown command.
Unknown command.
You hit the bat but do no damage. The bat hits you.
* * * LOW HITPOINT WARNING * * *
The bat hits you.
* * * LOW HITPOINT WARNING * * *
Unknown command.
You closely miss the bat. The bat hits you.
You die...

# .##
##r#.#####
..#.....#
#.##....##
#h##.....
#b##..#.#
#.##..#.#
#...ยง...#
####..###
### #.S#
#### ..#
#..# #..
##.#
#..###.# ..#
#.@.##.###.#


You could see a bat and a rat (fleeing).

Vanquished Creatures
  3 endoplasms
  A giant cockroach (D:1)
  A hobgoblin (D:1)
  A quokka (D:1)
  A ball python (D:1)
  A frilled lizard (D:1)
  A goblin (D:1)
  A rat (D:2)
10 creatures vanquished.

Notes
Turn   | Place    | Note
-------+----------+-------------------------------------------
     0 | D:1      | Flugslaktarn the Human Venom Mage began the quest for the
                  | Orb.
     0 | D:1      | Reached XP level 1. HP: 13/13 MP: 3/3
   137 | D:1      | Found Ujuec's Book Shoppe.
   154 | D:1      | Reached XP level 2. HP: 16/19 MP: 1/5
   175 | D:1      | Learned a level 2 spell: Poisonous Vapours
   282 | D:2      | Noticed Jessica
   300 | D:2      | Slain by a bat

Illustrated notes

Levels and vault maps discovered:
D:1:      mrwooster_arrival_statue_2, layout_loops_ring, serial_shops, shop,
          nrook_loot_triangle, serial_park_tiny_1
D:2:      minmay_evil_eye, layout_loops_ring, corner_web_ring, uniq_jessica,
          uniq_natasha

Skill      XL: |  1  2 |
---------------+-------+-----
Transmutations | 2 |  2.0
Dodging        | |  2.0
Stealth        | |  2.0
Spellcasting   | |  2.0
Air Magic      | |  0.4
Poison Magic   | |  3.0

Action                   || total
-------------------------++-------
Melee: Whip              ||     5
       Punch             ||     1
       Quarterstaff      ||     7
       Unarmed           ||     5
 Cast: Sting             ||    13
  Use: Scroll            ||     3
Armor: Robe              ||     3
Dodge: Dodged            ||    13

Table legend: (Time is in decaauts)
 A = Elapsed time spent in this place.
 B = Non-inter-level travel time spent in this place.
 C = Inter-level travel time spent in this place.
 D = Time resting spent in this place.
 E = Time spent auto-exploring this place.
 F = Levels seen in this place.
 G = Mean time per level.
                   A        B        C        D        E       F      G
               +--------+--------+--------+--------+--------+-----+--------+
         Total |    299 |    299 |      0 |      0 |      0 |   2 |  149.5 |
       Dungeon |    299 |    299 |      0 |      0 |      0 |   2 |  149.5 |
               +--------+--------+--------+--------+--------+-----+--------+

Top non-repeatable levels by time:
     D:1: 208 daAuts
     D:2: 91 daAuts
